Map: Mundo Adormecido LE

Players

saken - Winner!

  • Race: Zerg Zerg
  • League: Diamond
  • Spawn Location: 7:00

LowLinK

  • Race: Protoss Protoss
  • League: Platinum
  • Spawn Location: 1:00

VOD

Have the link to the VOD?

Description

Time

  • Played on: Feb. 14, 2020, 10:46 a.m.
  • Length: 11:54
Show
View Real Time Build Order
Export as new Build Order

saken Zerg - Winner!

Build Orders: Hatch First 

Get SALT Encoding   

  12  0:01  Drone  
  13  0:13  Overlord  
  13  0:18  Drone  
  14  0:34  Drone x2  
  17  0:35  Drone  
  17  0:49  Drone  
  18  0:57  Hatchery  
  18  1:03  Drone  
  18  1:06  Extractor  
  17  1:19  Spawning Pool  
  17  1:21  Drone  
  17  1:22  Drone  
  18  1:28  Drone  
  19  1:43  Overlord  
  19  1:55  Drone  
  20  2:03  Drone  
  21  2:09  Queen  
  21  2:10  Metabolic Boost  
  21  2:11  Queen  
  21  2:12  Drone x2  
  27  2:21  Drone  
  28  2:28  Zergling x2  
  29  2:33  Zergling x2  
  30  2:46  Drone x3  
  33  2:56  Drone  
  33  2:57  Drone  
  35  3:01  Hatchery  
  35  3:04  Drone  
  35  3:09  Zergling x2  
  36  3:13  Baneling Nest  
  36  3:15  Extractor, Drone  
  35  3:20  Spore Crawler  
  35  3:22  Spore Crawler  
  35  3:24  Spore Crawler  
  35  3:26  Spore Crawler  
  31  3:27  Drone x2  
  31  3:28  Drone  
  35  3:35  Lair  
  34  3:47  Zergling x4  
  36  4:01  Overlord x4  
  32  4:19  Zergling x8  
  32  4:20  Zergling x8  
  39  4:32  Drone x3  
  39  4:33  Drone  
  43  4:54  Hydralisk Den  
  43  4:55  Drone x3  
  43  4:58  Spore Crawler  
  44  5:02  Zergling x10  
  49  5:08  Zergling x4  
  51  5:20  Overlord x2  
  51  5:21  Overlord  
  49  5:30  Overlord x2  
  49  5:35  Spine Crawler  
  42  5:38  Overlord  
  42  5:39  Spine Crawler, Overlord  
  42  5:40  Spine Crawler  
  42  5:41  Hydralisk  
  42  5:47  Hydralisk x3  
  49  5:51  Hydralisk  
  49  6:05  Drone x5  
  53  6:12  Hydralisk x2  
  57  6:23  Hydralisk x2  
  61  6:30  Extractor  
  59  6:33  Hydralisk x2  
  63  6:44  Spine Crawler  
  62  6:49  Hydralisk x4  
  61  7:03  Hydralisk  
  61  7:04  Hydralisk  
  61  7:05  Zergling x8  
  69  7:16  Spine Crawler  
  69  7:19  Zergling x10  
  72  7:30  Hydralisk x2  
  72  7:32  Zergling x4  
  78  7:53  Hydralisk  
  78  7:54  Zergling x4  
  78  7:55  Zergling x2  
  83  8:03  Hydralisk  
  85  8:07  Zergling x2  
  85  8:08  Queen  
  86  8:25  Hydralisk x2  
  86  8:26  Zergling x2  
  86  8:27  Zergling x2  
  92  8:40  Overlord x3  
  92  8:52  Hatchery  
  92  8:53  Grooved Spines  
  92  8:54  Zergling x2  
  92  8:56  Overlord x2  
  92  9:00  Zergling x4  
  92  9:01  Zergling x4  
  86  9:21  Hydralisk x5  
  86  9:23  Zergling x6  
  92  9:33  Zergling x2  
  92  9:34  Zergling x2  
  94  9:44  Overseer  
  94  9:56  Drone  
  94  9:57  Drone x5  
  97  10:03  Hatchery  
  94  10:21  Drone x3  
  94  10:22  Drone x6  
  93  10:30  Overseer x4  
  93  10:31  Overseer x2  
  93  10:37  Hydralisk x4  
  101  10:57  Hydralisk x4  
  101  11:04  Hydralisk  
  109  11:10  Zergling x10  
  109  11:11  Zergling x4  
  110  11:33  Zergling x24  
Show
View Real Time Build Order
Export as new Build Order

LowLinK Protoss 

Build Orders: Oracle Opening 

Get SALT Encoding   

  12  0:01  Probe  
  13  0:13  Probe  
  14  0:18  Pylon  
  14  0:25  Probe  
  15  0:37  Probe (Chrono Boost), Gateway  
  16  0:48  Probe (Chrono Boost), Assimilator  
  17  0:52  Assimilator  
  17  0:53  Probe (Chrono Boost)  
  18  1:08  Probe  
  19  1:19  Pylon  
  19  1:20  Probe  
  19  1:24  Cybernetics Core  
  20  1:32  Probe  
  21  1:44  Probe  
  22  1:56  Probe  
  22  2:01  Warp Gate, Pylon  
  23  2:20  Stargate  
  25  2:24  Gateway  
  25  2:32  Pylon  
  25  2:44  Gateway  
  25  2:45  Gateway  
  25  2:46  Stalker  
  25  2:58  Pylon  
  25  3:03  Oracle (Chrono Boost)  
  25  3:11  Stalker (Chrono Boost)  
  30  3:53  Void Ray (Chrono Boost)  
  28  4:02  Zealot  
  32  4:04  Zealot x2  
  34  4:17  Stalker  
  34  4:22  Stalker  
  36  4:40  Void Ray  
  36  4:42  Stalker  
  36  4:43  Stalker x2  
  46  4:49  Pylon  
  44  5:14  Stalker  
  46  5:32  Probe  
  47  5:44  Pylon  
  47  5:46  Pylon  
  47  5:53  Pylon  
  47  5:55  Nexus  
  47  5:58  Pylon  
  47  6:04  Probe  
  48  6:05  Stalker x2  
  52  6:11  Void Ray (Chrono Boost)  
  52  6:16  Probe  
  57  6:47  Zealot, Stalker x3  
  62  7:11  Twilight Council  
  62  7:13  Probe x2, Forge  
  64  7:25  Probe  
  64  7:26  Probe  
  62  7:31  Zealot  
  62  7:32  Zealot x3  
  70  7:41  Probe  
  70  7:42  Probe  
  72  7:45  Assimilator  
  72  7:46  Charge (Chrono Boost)  
  72  7:54  Probe, Sentry x2  
  77  8:04  Dark Shrine  
  77  8:06  Probe x2  
  79  8:24  Zealot x2  
  79  8:25  Zealot  
  81  8:34  Protoss Ground Weapons Level 1 (Chrono Boost)  
  81  8:36  Probe  
  81  8:37  Probe  
  83  8:44  Pylon x2  
  83  8:48  Probe  
  83  8:49  Probe  
  83  8:52  Pylon  
  49  9:33  Dark Templar  
  49  9:35  Dark Templar x2  
  49  9:36  Zealot  
  57  10:07  Probe x2  
  57  10:13  Assimilator  
  59  10:16  Pylon  
  59  10:17  Dark Templar x2  
  59  10:19  Archon  
  61  10:30  Stalker  
  63  10:38  Gateway  
  63  10:40  Gateway  
  63  10:44  Probe x2  
  63  10:45  Gateway  
  65  10:50  Dark Templar x2  
  65  10:56  Archon  
  69  10:59  Archon  
  69  11:02  Pylon  
  69  11:03  Dark Templar  
  71  11:15  Zealot x2  
  75  11:20  Probe x2  
  77  11:32  Probe  
  70  11:34  Zealot  
  56  11:44  Dark Templar x2  
Tags
 
Add a new tag
Caveats
  • Supply blocks, unpowered buildings, or Contaminate may cause inaccurate times.
  • Supply counts are checked every 10 seconds.